 Dungeon Crawl Stone Soup version 0.31.0-32-g396128a36d (webtiles) character file.

Game seed: 15912823473363939067

80 DildoBatman the Conjurer (level 4, 0/32 HPs)
             Began as a Formicid Conjurer on Mar 13, 2024.
             Slain by a cerulean imp
             ... wielding a +3 spear
             ... summoned by Natasha
              (3 damage)
             ... on level 3 of the Dungeon.
             The game lasted 00:03:21 (1688 turns).

DildoBatman the Conjurer (Formicid Conjurer)        Turns: 1688, Time: 00:03:22

Health: 0/32       AC:  2    Str: 18    XL:     4   Next: 65%
Magic:  7/7        EV: 12    Int: 19    God:
Gold:   144        SH:  0    Dex: 12    Spells: 5/8 levels left

rFire   . . .        m - +0 mace (drain)
rCold   . . .        (no shield)
rNeg    + . .        a - +0 robe
rPois   .            (helmet unavailable)
rElec   .            (no cloak)
rCorr   .            (no gloves)
SInv    +            (no boots)
Will    .....        (no amulet)
Stlth   ++           g - +6 ring of strength
HPRegen 0.25/turn    u - ring of positive energy
MPRegen 0.10/turn

%: no passive effects
@: no status effects
A: permanent stasis, dig shafts and tunnels, antennae 3, four strong arms
a: Dig, Shaft Self


You were on level 3 of the Dungeon.
You visited 1 branch of the dungeon, and saw 3 of its levels.

You collected 144 gold pieces.

Inventory:

Hand Weapons
 c - a +0 hand axe
 m - a +0 mace of draining (weapon)
Missiles
 e - 45 stones
 r - 5 poisoned darts
Armour
 a - a +0 robe (worn)
 o - a +0 tower shield
Jewellery
 g - a +6 ring of strength (left hand)
 u - a ring of positive energy (right hand)
Scrolls
 d - a scroll of butterflies {unknown}
 f - 2 scrolls of brand weapon {unknown}
 j - a scroll of teleportation {unknown}
 k - a scroll of enchant weapon {unknown}
 l - a scroll of poison {unknown}
 n - a scroll of silence {unknown}
 p - a scroll of enchant armour {unknown}
 q - 3 scrolls of fog {unknown}
 s - 3 scrolls of identify {unknown}
Potions
 b - 2 potions of magic
 h - a potion of curing {unknown}
 i - a potion of mutation {unknown}
 t - 2 potions of lignification {unknown}
 v - a potion of resistance {unknown}
 w - a potion of heal wounds {unknown}
 x - a potion of might {unknown}


   Skills:
 + Level 1.4 Fighting
 + Level 1.4 Armour
 + Level 2.3 Dodging
 + Level 3.3 Stealth
 + Level 2.6 Spellcasting
 + Level 3.9 Conjurations


You had 5 spell levels left.
You knew the following spells:

 Your Spells              Type           Power      Damage    Failure   Level
a - Searing Ray           Conj           34%        2d5       4%          2
c - Magic Dart            Conj           68%        1d6       3%          1

Your spell library contained the following spells:

 Spells                   Type           Power      Damage    Failure   Level
 Call Canine Familiar     Summ           2%         N/A       43%         3
 Sigil of Binding         Hex            2%         N/A       43%         3
 Tukima's Dance           Hex            2%         N/A       43%         3
 Fulminant Prism          Conj/Alch      5%         3d7       56%         4
 Iskenderun's Mystic Bla  Conj/Tloc      10%        2d4       56%         4
 Dimensional Bullseye     Hex/Tloc       1%         N/A       85%         4


Dungeon Overview and Level Annotations

Branches:
Dungeon (3/15)

Altars:
Qazlal

Shops:
D:1 =

Annotations:
D:3 Natasha


Innate Abilities, Weirdness & Mutations

You cannot be hasted, slowed, berserked, paralysed or teleported.
You can dig through walls and to a lower floor.
You have a pair of large antennae on your head. (SInv)
Your four strong arms can wield two-handed weapons with a shield.


Message History

The cerulean imp barely misses you. The orc barely misses you.
Natasha closely misses you.
The cerulean imp hits you from afar with a +1 spear.
You closely miss the orc.
The orc is almost dead.
The orc hits you with a +0 short sword. Natasha claws you.
The cerulean imp hits you from afar with a +1 spear.
The orc hits you with a +0 short sword.
You barely miss the orc.
The orc is almost dead.
Natasha casts a spell.
The cerulean imp hits you from afar with a +1 spear.
The orc hits you with a +0 short sword.
You sock the orc!
You kill the orc!
Natasha barely misses you.
The cerulean imp hits you from afar with a +1 spear.
Natasha completely misses you.
The cerulean imp hits you from afar with a +1 spear.
You see here a +0 short sword.
Found a stone staircase leading down.
Natasha attacks as she pursues you! Natasha claws you. Natasha misses you.
You hit Natasha. You drain Natasha.
Natasha is heavily wounded.
The cerulean imp closely misses you. Natasha claws you but does no damage.
The cerulean imp completely misses you. The cerulean imp barely misses you.
You closely miss Natasha.
Natasha is heavily wounded.
Natasha extends her claws.
Natasha misses you.
The cerulean imp hits you from afar with a +1 spear.
The cerulean imp hits you from afar with a +3 spear.
You die...

#####........#........######
#.........##.###..######....
#.#######.# {# ##.# #.###
#.# #.# #####.######.### #.#
#.# #.........#..... #.# #.#
#.....###.#####. #.# #.#
#..##.###.# #. #.#
#.###..#...##.### #.
#.#######5h@....._......# #.
##
#......))5.##.##...#..#.###.
....##.########.##
###.##..#..... .......# #.#
#.....###.## ######.# #.#
.........# #.# #.. #>#
####.##### #.# ....{ ..# #..
#.. .{... { #.# ## ###
.5....~ ###


You could see Natasha (very drained) and 2 cerulean imps.

Vanquished Creatures
  An orc wizard (D:3)
  An adder (D:3)
  A dart slug (D:1)
  An orc (D:3)
  2 endoplasms
  4 giant cockroaches
  3 goblins
  2 hobgoblins (D:1)
  4 quokkas
  4 ball pythons
  6 bats
  3 frilled lizards (D:1)
  3 kobolds
  8 rats
43 creatures vanquished.

Notes
Turn   | Place    | Note
-------+----------+-------------------------------------------
     0 | D:1      | DildoBatman the Formicid Conjurer began the quest for the
                  | Orb.
     0 | D:1      | Reached XP level 1. HP: 13/13 MP: 3/3
   209 | D:1      | Reached XP level 2. HP: 19/19 MP: 0/5
   216 | D:1      | Learned a level 2 spell: Searing Ray
   600 | D:1      | Found Cameameu's Jewellery Shoppe.
   745 | D:1      | Reached XP level 3. HP: 25/25 MP: 3/6
   803 | D:1      | Reached skill level 1 in Fighting
  1153 | D:2      | Reached skill level 1 in Armour
  1525 | D:3      | Reached XP level 4. HP: 32/32 MP: 5/7
  1608 | D:3      | Found a stormy altar of Qazlal.
  1668 | D:3      | Noticed Natasha
  1688 | D:3      | Slain by a cerulean imp

Illustrated notes

Levels and vault maps discovered:
D:1:      dpeg_arrival_solitude, layout_loops_corners, serial_shops, shop_statue
D:2:      layout_basic, minmay_misc_feat_chi
D:3:      cheibrodos_helix_gallery, layout_loops_ring,
          nicolae_overflow_crystal_walls, uniq_natasha

Skill      XL: |  1  2  3 |
---------------+----------+-----
Dodging        | 2 |  2.3
Fighting       | 1 |  1.4
Armour         | 1 |  1.4
Stealth        | 3 |  3.3
Spellcasting   | |  2.6
Conjurations   | |  3.9

Action                     |  1- 3 |  4- 6 || total
---------------------------+-------+-------++-------
  Melee: Hand axe          |     9 |       ||     9
         Mace              |    17 |    11 ||    28
   Cast: Magic Dart        |    49 |     9 ||    58
   Stab: Sleeping          |     2 |     1 ||     3
 Armour: Robe              |    16 |    17 ||    33
  Dodge: Dodged            |    25 |    14 ||    39
